cohdb
Replays
Latest Replays
All Replays
Popular Replays
Top Player Replays
Match Explorer
How It Works
Community
CoH3 Stats
Reddit
Sign in to upload your games and track your stats! →
Sign in with Steam
Match 41687977
Unlisted
Match 41687977
Overview
Messages
Build Orders
End
Construct Barracks
Riflemen Squad
Riflemen Squad
Riflemen Squad
Grenade Package
Riflemen Squad
Infantry Support Center
Construct Weapon Support Center
M3 Armored Personnel Carrier
Selects Heavy Weapons
Selects Assault Carriers
Selects Exchangeable Parts
M1 Mortar Team
Construct Medical Station
Engineer Squad
Construct Tank Depot
Riflemen Squad
Scout Squad
M4(105) Sherman Bulldozer
Riflemen Squad
M18 Hellcat Tank Destroyer
Engineer Squad
DrTicklesMD
BigDrexel
tur.de.mikle
Imperiale
SchnellSchuh5000
PIGEONS ARE FBI DRONES
0
0
Comments
sign in to comment!
No comments posted yet!